 Dungeon Crawl Stone Soup version 0.28.0 (webtiles) character file.

Game seed: 9350916722618477271

373 bande the Covered (level 6, 0/38 HPs)
             Began as a Gargoyle Fighter on Feb 17, 2022.
             Was an Initiate of Okawaru.
             Slain by a sky beast (1 damage)
             ... on level 5 of the Dungeon.
             The game lasted 00:04:41 (3597 turns).

bande the Covered (Gargoyle Fighter)                Turns: 3597, Time: 00:04:41

Health: 0/38       AC: 12    Str: 20    XL:     6   Next: 71%
Magic:  7/7        EV:  9    Int:  8    God:    Okawaru [......]
Gold:   105        SH:  4    Dex: 11    Spells: 5/5 levels left

rFire   . . .      SeeInvis .   a - +0 war axe
rCold   . . .      Faith    .   c - +0 buckler
rNeg    + . .      Spirit   .   b - +0 scale mail
rPois   ∞          Reflect  .   n - +0 helmet
rElec   +          Harm     .   (no cloak)
rCorr   .          Rampage  .   (no gloves)
Will    .....                   (no boots)
Stlth   ..........              (no amulet)
HPRegen 0.12/turn               (no ring)
MPRegen 0.10/turn               (no ring)

@: no status effects
A: sickness immunity, AC +4, negative energy resistance 1, electricity
resistance, torment resistance 1, petrification resistance
a: Renounce Religion


You were on level 5 of the Dungeon.
You worshipped Okawaru.
Okawaru was noncommittal.
You visited 1 branch of the dungeon, and saw 5 of its levels.

You collected 105 gold pieces.

Inventory:

Hand Weapons
 a - a +0 war axe (weapon)
Armour
 b - a +0 scale mail (worn)
 c - a +0 buckler (worn)
 n - a +0 helmet (worn)
Jewellery
 i - a ring of ice
Wands
 r - a wand of polymorph (7)
Scrolls
 e - 4 scrolls of identify {unknown}
 f - a scroll of teleportation {unknown}
 g - a scroll of torment {unknown}
 h - a scroll of blinking {unknown}
 j - a scroll of brand weapon {unknown}
 k - a scroll of noise {unknown}
 p - a scroll of acquirement {unknown}
 q - a scroll of vulnerability {unknown}
 u - a scroll of silence {unknown}
Potions
 d - a potion of might
 l - a potion of magic {unknown}
 m - a potion of ambrosia {unknown}
 o - a potion of heal wounds {unknown}
 s - a potion of degeneration {unknown}
 t - a potion of cancellation {unknown}


   Skills:
 + Level 4.3 Fighting
 + Level 4.2 Axes
 + Level 4.5 Armour
 - Level 0.2 Stealth
 + Level 4.2 Shields
 * Level 2.0 Invocations


You had 5 spell levels left.
You didn't know any spells.
Your spell library contained the following spells:

 Spells                   Type           Power      Damage    Failure   Level
 Magic Dart               Conj           0%         1d3       83%         1
 Sting                    Tmut/Pois      0%         1d3       83%         1
 Poisonous Vapours        Pois/Air       0%         N/A       93%         2
 Mephitic Cloud           Conj/Pois/Air  0%         N/A       99%         3
 Olgreb's Toxic Radiance  Pois           0%         N/A       100%        4
 Call Imp                 Summ           Unusable   N/A       N/A         2

Dungeon Overview and Level Annotations

Branches:
Dungeon (6/15)
 Temple: D:4-7

Altars:
Okawaru
Vehumet


Innate Abilities, Weirdness & Mutations

You are immune to sickness and miasma.
Your stone body is resilient. (AC +4)
You are immune to poison.
You resist negative energy. (rN+)
You are resistant to electric shocks. (rElec)
You are resistant to unholy torment.
You are immune to petrification.


Message History

You block something's attack.
The water moccasin bites you but does no damage.
Something hits you but does no damage.
You miss the water moccasin.
The water moccasin is moderately wounded.
You closely miss something.
The water moccasin bites you but does no damage.
Something hits you but does no damage. You block the water moccasin's attack.
You hit the water moccasin but do no damage.
The water moccasin is moderately wounded.
You hit something. The water moccasin closely misses you.
You block something's attack. You block the water moccasin's attack.
You barely miss the water moccasin.
The water moccasin is moderately wounded.
You barely miss something. Something hits you. Something shocks you.
You resist. The water moccasin bites you.
* * * LOW HITPOINT WARNING * * *
Something hits you but does no damage.
You slash the water moccasin!
The water moccasin is heavily wounded.
You hit something.
The water moccasin closely misses you. x2
A sky beast appears from thin air!
Reactivating autopickup.
The sky beast hits you but does no damage.
You closely miss the water moccasin.
The water moccasin is heavily wounded.
You closely miss the sky beast. The water moccasin bites you.
* * * LOW HITPOINT WARNING * * *
The sky beast hits you but does no damage.
The water moccasin closely misses you.
You closely miss the water moccasin.
The water moccasin is heavily wounded.
You closely miss the sky beast. The water moccasin closely misses you.
The sky beast hits you but does no damage.
The water moccasin closely misses you.
The sky beast flickers out of sight!
Deactivating autopickup; reactivate with Ctrl-A.
Something hits you.
* * * LOW HITPOINT WARNING * * *
Something shocks you. You resist.
You die...

#.#.... .#....
(.... #...#
#...#
#####...######.
......{S.......
.......@.......
..............#
#####...####.##
#...# #...#
#...# #...#
#...# ##.##


You could see a water moccasin.

Vanquished Creatures
  A steam dragon (D:6)
  A bullfrog (D:6)
  A centaur skeleton (D:6)
  An iguana (D:5)
  Robin (D:2)
  4 adders
  An ufetubus (D:6)
  2 worms (D:2)
  2 dart slugs
  7 bats
  6 endoplasms
  2 giant cockroaches
  12 goblins
  12 hobgoblins
  A quokka (D:1)
  3 ball pythons
  A frilled lizard (D:2)
  8 kobolds
  6 rats
72 creatures vanquished.

Notes
Turn   | Place    | Note
-------+----------+-------------------------------------------
     0 | D:1      | bande the Gargoyle Fighter began the quest for the Orb.
     0 | D:1      | Reached XP level 1. HP: 14/14 MP: 1/1
   208 | D:1      | Reached XP level 2. HP: 19/19 MP: 2/2
   909 | D:1      | Reached XP level 3. HP: 15/23 MP: 3/3
  1655 | D:2      | Reached XP level 4. HP: 19/29 MP: 4/4
  2006 | D:2      | Found a faded altar of an unknown god.
  2070 | D:2      | Noticed Robin
  2088 | D:2      | Killed Robin
  2408 | D:2      | Found an iron altar of Okawaru.
  2422 | D:2      | Became a worshipper of Warmaster Okawaru
  2526 | D:2      | Reached XP level 5. HP: 32/33 MP: 5/5
  2789 | D:3      | You fall into a shaft and drop 3 floors!
  2838 | D:6      | Noticed a steam dragon
  2849 | D:6      | Killed a steam dragon
  2850 | D:6      | Reached skill level 1 in Invocations
  2850 | D:6      | Reached XP level 6. HP: 8/38 MP: 5/7
  3207 | D:6      | Found a radiant altar of Vehumet.
  3383 | D:5      | Entered Level 5 of the Dungeon
  3583 | D:5      | Noticed a water moccasin
  3583 | D:5      | Noticed a sky beast
  3597 | D:5      | HP: 1/38 [something (3)]
  3597 | D:5      | Slain by a sky beast

Illustrated notes

Levels and vault maps discovered:
D:1:      shiori_shiawase, layout_loops_corners, minmay_vboxes
D:2:      layout_rooms, ebering_ecumenical_altar_abandoned, basic_altar,
          uniq_robin
D:3:      wad_river_or_something, layout_basic, uniq_grinder
D:5:      layout_loops_cross
D:6:      layout_gridville, mainiacjoe_overflow_cross_hatched,
          lemuel_crystal_altar, uniq_blork_the_orc, uniq_pikel

Skill      XL: |  1  2  3  4  5  6 |
---------------+-------------------+-----
Axes           | 2 3 4 |  4.2
Armour         | 4 |  4.5
Shields        | 4 |  4.2
Fighting       | 4 |  4.3
Invocations    | 1 2 |  2.0
Stealth        | |  0.2

Action                   |  1- 3 |  4- 6 || total
-------------------------+-------+-------++-------
Melee: War axe           |   116 |   134 ||   250
Armor: Scale mail        |    87 |    96 ||   183
Dodge: Dodged            |    74 |    68 ||   142
Block: Buckler           |    32 |    39 ||    71
